 Dungeon Crawl Stone Soup version 0.18-a0-1195-g77a4f03 (webtiles) character file.

2270 Duffy the Slicer (level 9, 0/51 HPs)
             Began as a Vine Stalker Assassin on Jan 29, 2016.
             Was a Priest of Trog.
             Shot with a sling bullet by Joseph (7 damage)
             ... on level 8 of the Dungeon.
             The game lasted 00:07:40 (5665 turns).

Duffy the Slicer (Vine Stalker Assassin)            Turns: 5665, Time: 00:07:40

Health: 0/51       AC: 11    Str: 13    XL:     9   Next: 38%
Magic:  0/10       EV:  4    Int: 12    God:    Trog [***...]
Gold:   495        SH:  0    Dex: 19    Spells: 0 memorised, 8 levels left

rFire  . . .     SeeInvis .     H - +0 dagger (venom)
rCold  . . .     Gourm    .     G - +0 scale mail
rNeg   . . .     Faith    .     (no shield)
rPois  .         Spirit   +     (no helmet)
rElec  .         Dismiss  .     d - +0 cloak
rCorr  .         Reflect  .     P - +2 pair of gloves
SustAt .         Harm     .     D - +0 pair of boots
MR     +....                    (no amulet)
Stlth  ++........               (no ring)
                                (no ring)

@: somewhat resistant to hostile enchantments, unstealthy
A: fangs 3, regeneration 2, magic shield, antimagic bite, no device heal 3, rot
immunity
a: Berserk, Trog's Hand, Burn Spellbooks, Renounce Religion


You were on level 8 of the Dungeon.
You worshipped Trog.
Trog was most pleased with you.
You were hungry.

You visited 1 branch of the dungeon, and saw 8 of its levels.

You collected 495 gold pieces.


Innate Abilities, Weirdness & Mutations

You have razor-sharp teeth.
You heal very quickly.
When hurt, damage is shared between your health and your magic reserves.
Your bite disrupts and absorbs the magic of your enemies.
Potions and wands cannot restore your health.
You are immune to rotting.


   Skills:
 - Level 8.0 Fighting
 * Level 8.1 Short Blades
 - Level 2.0 Throwing
 + Level 0.1 Armour
 + Level 1.2 Dodging
 - Level 4.8 Stealth


You had 8 spell levels left.
You didn't know any spells.

Inventory:

Hand Weapons
 a - a +2 dagger
 b - a +0 blowgun
 H - a +0 dagger of venom (weapon)
Missiles
 e - 32 poisoned needles
 f - 2 curare-tipped needles
 y - 12 tomahawks (quivered)
Armour
 c - a +0 robe
 d - a +0 cloak (worn)
 s - a +0 ring mail
 w - a +0 buckler
 A - a +0 pair of gloves
 D - a +0 pair of boots (worn)
 G - a +0 scale mail (worn)
 P - a +2 pair of gloves (worn)
Wands
 M - a wand of disintegration (17/24)
Scrolls
 h - 2 scrolls of magic mapping {unknown}
 i - 4 scrolls of enchant weapon {unknown}
 k - 6 scrolls of identify {unknown}
 l - a scroll of fog {unknown}
 m - 4 scrolls of amnesia {unknown}
 n - 5 scrolls of remove curse {unknown}
 p - 2 scrolls of random uselessness {unknown}
 r - 3 scrolls of teleportation {unknown}
 t - a scroll of immolation {unknown}
 u - a scroll of enchant armour {unknown}
 x - 3 scrolls of noise {unknown}
 K - a scroll of silence {unknown}
 L - a scroll of recharging {unknown}
 O - a scroll of summoning {unknown}
Potions
 j - 2 potions of mutation {unknown}
 o - a potion of resistance {unknown}
 q - 2 potions of agility {unknown}
 v - 2 potions of heal wounds {unknown}
 z - 4 potions of curing {unknown}
 B - a potion of might {unknown}
 C - a potion of flight {unknown}
 I - a potion of berserk rage {unknown}
 J - a potion of brilliance {unknown}
Comestibles
 g - 9 bread rations
 E - 3 beef jerkies
 F - 9 meat rations

Dungeon Overview and Level Annotations

Branches:
Dungeon (8/15)             Temple (0/1) D:5
   Lair: D:8-11

Altars:
Ashenzari
Cheibriados
Elyvilon
Kikubaaqudgha
Nemelex Xobeh
Qazlal
Ru
Sif Muna
Trog
Vehumet
Xom
Zin

Shops:
D:5 %

Annotations:
D:3 exclusion: door
D:8 Joseph


Message History

Your scale mail prevents you from hitting Joseph.
Joseph is moderately wounded.
Joseph hits you with an uncursed quarterstaff of crushing!
You are too injured to fight recklessly!
You are too injured to fight recklessly!
You are too injured to fight recklessly!
You are too injured to fight recklessly!
You are too injured to fight recklessly!
You are too injured to fight recklessly!
You are too injured to fight recklessly!
You are too injured to fight recklessly!
You are too injured to fight recklessly!
You are too injured to fight recklessly!
You are too injured to fight recklessly!
You are too injured to fight recklessly!
You are too injured to fight recklessly!
You are too injured to fight recklessly!
You are too injured to fight recklessly!
You are too injured to fight recklessly!
You are too injured to fight recklessly!
You hit Joseph. You bite Joseph, but do no damage.
Joseph is moderately wounded.
You closely miss Joseph. Your bite misses Joseph.
Joseph is moderately wounded.
Joseph barely misses you.
You hit Joseph but do no damage.
Joseph is moderately wounded.
Joseph hits you with an uncursed quarterstaff of crushing!
Joseph unwields an uncursed quarterstaff of crushing.
Joseph wields an uncursed hunting sling of flaming.
It bursts into flame!
Joseph shoots a sling bullet.
The sling bullet closely misses you.
There is a stone staircase leading down here.
Joseph shoots a sling bullet.
The sling bullet hits you!
You die...

............#....##.#
###########.###.....#
........# #.#.#..#######
....###.# #.#<.........#
......#.#
#.###.#.####.##
..#.#.#.#
#.............#
#.#...#.########.#.###.#
#[....#......(...#.#...#
................@#...#.#
##......##.....#.......#
##......##.#.......@#.##
.'......##...###.####.#
##....................#
.............####.#####
..#...##.#....(...#
..##..........#####
..##.###.#.##.#


You could see Joseph.

Action                   |  1- 3 |  4- 6 |  7- 9 || total
-------------------------+-------+-------+-------++-------
Melee: Dagger            |    81 |   211 |   366 ||   658
 Fire: Blowgun           |     7 |     6 |     3 ||    16
Invok: Burn Spellbooks   |       |     1 |       ||     1
       Berserk           |       |     1 |     2 ||     3
 Stab: Sleeping          |     2 |    10 |     2 ||    14
  Eat: Chunk             |       |     7 |    11 ||    18

Notes
Turn   | Place    | Note
--------------------------------------------------------------
     0 | D:1      | Duffy the Vine Stalker Assassin began the quest for the Orb.
     0 | D:1      | Reached XP level 1. HP: 11/11 MP: 2/2
    95 | D:1      | Reached skill level 2 in Throwing
   139 | D:1      | Reached skill level 1 in Dodging
   268 | D:1      | Reached skill level 2 in Fighting
   268 | D:1      | Reached XP level 2. HP: 13/15 MP: 3/3
   276 | D:1      | Reached skill level 2 in Short Blades
   596 | D:2      | Reached XP level 3. HP: 15/18 MP: 4/4
   696 | D:2      | Found a snail-covered altar of Cheibriados.
   701 | D:2      | Found a bloodstained altar of Trog.
   704 | D:2      | Found a sparkling altar of Nemelex Xobeh.
   704 | D:2      | Found a radiant altar of Vehumet.
   705 | D:2      | Found a shattered altar of Ashenzari.
   706 | D:2      | Found an ancient bone altar of Kikubaaqudgha.
   707 | D:2      | Found a stormy altar of Qazlal.
   710 | D:2      | Found a white marble altar of Elyvilon.
   717 | D:2      | Became a worshipper of Trog the Wrathful
   829 | D:2      | Reached XP level 4. HP: 15/23 MP: 5/5
  1249 | D:3      | Reached skill level 3 in Short Blades
  1280 | D:3      | Reached * piety under Trog
  1280 | D:3      | Reached skill level 3 in Fighting
  1447 | D:3      | Reached XP level 5. HP: 17/28 MP: 4/6
  1746 | D:3      | Found a deep blue altar of Sif Muna.
  2029 | D:4      | Reached ** piety under Trog
  2029 | D:4      | Reached skill level 4 in Short Blades
  2029 | D:4      | Gained mutation: You heal very quickly. [Vine Stalker growth]
  2029 | D:4      | Reached XP level 6. HP: 33/33 MP: 7/7
  2031 | D:4      | Noticed an angel
  2032 | D:4      | Found a shimmering altar of Xom.
  2032 | D:4      | Found a glowing silver altar of Zin.
  2163 | D:4      | Reached skill level 4 in Fighting
  2515 | D:4      | Found a sacrificial altar of Ru.
  2643 | D:5      | Entered Level 5 of the Dungeon
  2795 | D:5      | Found Miorar's Food Emporium.
  2828 | D:5      | Reached XP level 7. HP: 35/38 MP: 8/8
  2886 | D:5      | Reached skill level 5 in Short Blades
  2926 | D:5      | Reached skill level 5 in Fighting
  2970 | D:5      | Found a staircase to the Ecumenical Temple.
  3776 | D:6      | Reached skill level 6 in Short Blades
  3776 | D:6      | Gained mutation: You have razor-sharp teeth. [Vine Stalker growth]
  3776 | D:6      | Reached XP level 8. HP: 44/44 MP: 9/9
  3778 | D:6      | Reached skill level 6 in Fighting
  3795 | D:6      | Noticed Protee's ghost (novice OpTm)
  3830 | D:6      | Killed Protee's ghost
  3959 | D:6      | Reached skill level 7 in Short Blades
  4009 | D:6      | Reached *** piety under Trog
  4026 | D:6      | Reached skill level 7 in Fighting
  4373 | D:7      | Reached XP level 9. HP: 48/50 MP: 10/10
  5460 | D:8      | Reached skill level 8 in Short Blades
  5559 | D:8      | Reached skill level 8 in Fighting
  5597 | D:8      | Noticed Joseph
  5665 | D:8      | Shot with a sling bullet by Joseph

Vault maps used:
D:1:      ldierk_walled_garden_2
D:2:      minitemple
D:3:      led_sif_book, hangedman_glass_teeth
D:4:      grunt_temple_overflow_order_and_chaos_1, nicolae_ru_awakened_eye,
          first_bread
D:5:      minmay_temple_entry_glass, serial_shops, shop
D:6:      serial_glass, glass_columns_a, glass_columns_c, kennysheep_cross_room
D:7:      minivault_11
D:8:      marbit_many_paths, uniq_joseph

Vanquished Creatures
  The ghost of Protee the Transmogrifier, a novice OpTm
  2 ice beasts
  An orc warrior
  A wasp
  A sky beast
  A centaur
  4 giant frogs
  A water moccasin zombie
  2 crimson imps
  6 hounds
  3 jellies
  3 orc priests
  9 worker ants
  7 orc wizards
  A hound skeleton
  11 adders
  2 shadow imps
  An ooze
  2 worms
  4 giant geckos
  29 orcs
  8 bats
  3 giant cockroaches
  8 goblins
  3 hobgoblins
  4 jackals
  7 kobolds
  8 quokkas
  A ball python
  7 giant newts
  A quokka skeleton
  11 rats
  4 toadstools
157 creatures vanquished.
